 Dungeon Crawl Stone Soup version 0.28.0-1-gb440e238dd (webtiles) character file.

Game seed: 5179661870107329270

203 Crownlay the Chopper (level 5, -2/45 HPs)
             Began as a Hill Orc Fighter on Feb 20, 2022.
             Was an Initiate of Qazlal.
             Slain by an ogre (17 damage)
             ... on level 4 of the Dungeon.
             The game lasted 00:03:12 (3152 turns).

Crownlay the Chopper (Hill Orc Fighter)             Turns: 3152, Time: 00:03:12

Health: -2/45      AC:  6    Str: 21    XL:     5   Next: 81%
Magic:  5/5        EV:  9    Int:  8    God:    Qazlal [......]
Gold:   137        SH:  4    Dex: 10    Spells: 4/4 levels left

rFire   . . .      SeeInvis .   a - +0 war axe
rCold   . . .      Faith    .   c - +0 buckler
rNeg    . . .      Spirit   .   b - +0 scale mail
rPois   .          Reflect  .   (no helmet)
rElec   .          Harm     .   (no cloak)
rCorr   .          Rampage  .   (no gloves)
Will    .....                   (no boots)
Stlth   ..........              (no amulet)
HPRegen 0.15/turn               (no ring)
MPRegen 0.09/turn               (no ring)

@: mighty
A: no striking features
a: Renounce Religion


You were on level 4 of the Dungeon.
You worshipped Qazlal.
Qazlal was noncommittal.
You visited 1 branch of the dungeon, and saw 4 of its levels.

You collected 137 gold pieces.

Inventory:

Hand Weapons
 a - a +0 war axe (weapon)
Missiles
 h - 13 poisoned darts (quivered)
Armour
 b - a +0 scale mail (worn)
 c - a +0 buckler (worn)
Scrolls
 e - a scroll of brand weapon {unknown}
 g - a scroll of teleportation {unknown}
 m - 2 scrolls of blinking {unknown}
 n - 3 scrolls of noise {unknown}
Potions
 d - a potion of might
 f - 2 potions of brilliance {unknown}
 i - a potion of berserk rage {unknown}
 j - 3 potions of lignification {unknown}
 k - a potion of heal wounds {unknown}
 l - a potion of haste {unknown}


   Skills:
 - Level 3.6 Fighting
 * Level 7.1 Axes
 - Level 3.2 Armour
 - Level 4.0 Shields
 + Level 0.8 Invocations


You had 4 spell levels left.
You didn't know any spells.
Your spell library contained the following spells:

 Spells                   Type           Power      Damage    Failure   Level
 Blink                    Tloc           0%         N/A       93%         2
 Summon Guardian Golem    Hex/Summ       0%         N/A       99%         3
 Manifold Assault         Tloc           0%         N/A       100%        5
 Orb of Destruction       Conj           0%         9d5       100%        7
 Spellforged Servitor     Conj/Summ      0%         N/A       100%        7
 Storm Form               Tmut/Air       0%         N/A       100%        7


Dungeon Overview and Level Annotations

Branches:
Dungeon (4/15)
 Temple: D:4-7

Altars:
Elyvilon
Hepliaklqana
Qazlal
Ru

Shops:
D:1 !


Message History

You hit the iguana.
The iguana is heavily wounded.
You block the iguana's attack.
You barely miss the iguana.
The iguana is heavily wounded.
You block the iguana's attack.
You hit the iguana.
The iguana is severely wounded.
You block the iguana's attack.
An orc comes into view. It is wielding a +0 whip.
The ball python bites you but does no damage.
The ball python grabs you. The ball python constricts you.
The iguana bites you!
You barely miss the ball python.
The orc shouts!
You slash the iguana!
You kill the iguana!
Qazlal accepts your kill.
You hear a shout!
The ball python bites you. The ball python constricts you.
The giant cockroach bites you but does no damage.
Your Axes skill increases to level 7!
You closely miss the ball python. You slash the giant cockroach!
You kill the giant cockroach!
Qazlal accepts your kill. You block the ball python's attack.
The ball python constricts you. The ball python bites you.
The ball python constricts you.
You escape the ball python's grasp.
You feel very mighty all of a sudden. The ogre hits you with a +0 giant club!
You slash the ogre!
The ogre is moderately wounded.
The ogre hits you with a +0 giant club.
You barely miss the ogre.
The ogre is moderately wounded.
You block the ogre's attack.
You slash the ogre!
The ogre is severely wounded.
The ogre hits you with a +0 giant club!
You die...

#...# #.. #....######
##. #.........# ##
###...#.....# #
...........(# #
#..........#### #
.##....###...#######
#....#E#...#E##...
#@##.###...###..##
#O##..†........##
[.<...†S##....._.....#
........##...........#
........?#.###...###.#
........##.#E#...#E#.#
........##.###...###..
......#.# #...#. ##.#
........: ....... .#


You could see an ogre and a ball python.

Vanquished Creatures
  An orc priest (D:3)
  An iguana (D:4)
  5 gnolls
  An adder (D:2)
  2 worms
  4 dart slugs
  7 orcs
  5 bats
  4 endoplasms
  2 giant cockroaches
  7 goblins
  7 hobgoblins
  A quokka (D:2)
  8 ball pythons
  6 frilled lizards
  4 kobolds
  9 rats
74 creatures vanquished.

Notes
Turn   | Place    | Note
-------+----------+-------------------------------------------
     0 | D:1      | Crownlay the Hill Orc Fighter began the quest for the Orb.
     0 | D:1      | Reached XP level 1. HP: 19/19 MP: 1/1
    22 | D:1      | Reached skill level 3 in Axes
   132 | D:1      | Reached XP level 2. HP: 26/26 MP: 2/2
   342 | D:1      | Reached skill level 4 in Axes
   347 | D:1      | Reached XP level 3. HP: 19/31 MP: 3/3
   692 | D:1      | Found Tog Gatt's Distillery.
  1443 | D:2      | Reached XP level 4. HP: 37/39 MP: 4/4
  1582 | D:2      | Reached skill level 5 in Axes
  1613 | D:2      | Found a sacrificial altar of Ru.
  2218 | D:3      | Reached skill level 6 in Axes
  2222 | D:3      | Reached XP level 5. HP: 24/45 MP: 5/5
  2749 | D:3      | Found a faded altar of an unknown god.
  2845 | D:3      | Found a hazy altar of Hepliaklqana.
  3083 | D:4      | Found a white marble altar of Elyvilon.
  3112 | D:4      | Found a stormy altar of Qazlal.
  3112 | D:4      | Noticed a fire elemental
  3115 | D:4      | Noticed a water elemental
  3115 | D:4      | Noticed an air elemental
  3125 | D:4      | Became a worshipper of Qazlal Stormbringer
  3140 | D:4      | Noticed an ogre
  3147 | D:4      | Reached skill level 7 in Axes
  3152 | D:4      | Slain by an ogre

Illustrated notes

Levels and vault maps discovered:
D:1:      scummos_arrival_simple_crosswalls, layout_loops_ring, serial_shops,
          shop_statue
D:2:      layout_loops_ring, basic_altar
D:3:      layout_loops_ring, nzn_hepliaklqana_mist_gate, basic_ecumenical_altar
D:4:      layout_rooms, nicolae_qazlal_style_of_elements,
          mainiacjoe_overflow_surrounded_room,
          mainiacjoe_overflow_small_starburst, uniq_menkaure

Skill      XL: |  1  2  3  4  5 |
---------------+----------------+-----
Axes           | 3 4 6 7 |  7.1
Shields        | 4 |  4.0
Fighting       | |  3.6
Armour         | |  3.2
Invocations    | |  0.8

Action                   |  1- 3 |  4- 6 || total
-------------------------+-------+-------++-------
Melee: War axe           |    79 |   108 ||   187
Throw: Dart              |     3 |     5 ||     8
  Use: Potion            |       |     1 ||     1
Armor: Scale mail        |    22 |    47 ||    69
Dodge: Dodged            |    25 |    56 ||    81
Block: Buckler           |    15 |    23 ||    38
